 Dungeon Crawl Stone Soup version 0.30-a0-760-g5a9884bb7c (webtiles) character file.

Game seed: 6276243712223266626

4888 Aneyh the Summoner (level 10, -7/59 HPs)
             Began as a Tengu Monk on Feb 12, 2023.
             Was a Priest of Hepliaklqana.
             Mangled by a centaur warrior (12 damage)
             ... on level 11 of the Dungeon.
             The game lasted 00:26:54 (9058 turns).

Aneyh the Summoner (Tengu Monk)                     Turns: 9058, Time: 00:26:55

Health: -7/59      AC:  6    Str: 14    XL:     10   Next: 50%
Magic:  0/11       EV: 16    Int: 17    God:    Hepliaklqana [***...]
Gold:   590        SH:  0    Dex: 18    Spells: 7/9 levels left

rFire   + . .      SeeInvis .    a - +1 broad axe (freeze)
rCold   . . .      Faith    .    (no shield)
rNeg    . . .      Spirit   +    M - +2 robe {rF+}
rPois   .          Reflect  .    v - +2 hat
rElec   .          Harm     .    (no cloak)
rCorr   .          Rampage  .    (no gloves)
Will    .....                    (boots unavailable)
Stlth   ++                       i - amulet of guardian spirit
HPRegen 0.29/turn                n - +6 ring of intelligence
MPRegen 0.12/turn                z - ring of wizardry

@: flying quickly and evasively, slowed, very slow
A: reduced essence, beak, talons 3, nimble flight
a: Renounce Religion, Recall Ancestor, Ancestor Identity, Transference


You were on level 11 of the Dungeon.
You worshipped Hepliaklqana.
Hepliaklqana was most pleased with you.
You visited 2 branches of the dungeon, and saw 12 of its levels.
You also visited: Sewer.

You collected 590 gold pieces.

Inventory:

Hand Weapons
 a - a +1 broad axe of freezing (weapon)
 b - a +0 shortbow
 c - a +0 dagger of electrocution
 k - a +0 dagger of holy wrath
 o - a +0 war axe
 p - a +0 trident
 w - a +0 spear
 G - a +4 short sword
 H - a +2 falchion of freezing
Missiles
 r - 8 poisoned darts
Armour
 d - a +0 robe
 v - a +2 hat (worn)
 D - the +1 cloak of the Turtledove {Fly rPois Int+3 Dex-3}
   (You found it on level 4 of the Dungeon)

   Int:       It affects your intelligence (+3).
   Dex:       It affects your dexterity (-3).
   rPois:     It protects you from poison.
   Fly:       It grants you flight.
 E - a +2 ring mail of poison resistance
 M - a +2 robe of fire resistance (worn)
 N - the +2 robe "Sasacug" {rC+}
   (You found it on level 10 of the Dungeon)

   rC:        It protects you from cold.
 O - a +0 troll leather armour
Magical Staves
 l - a staff of death
Jewellery
 i - an amulet of guardian spirit (around neck)
 n - a +6 ring of intelligence (left hand)
 s - a ring of magical power
 z - a ring of wizardry (right hand)
 F - a ring of positive energy
 P - a ring of poison resistance
Wands
 g - a wand of paralysis (5)
 C - a wand of digging (4)
 I - a wand of roots (4)
 L - a wand of light (7)
Scrolls
 e - 4 scrolls of identify
 h - 9 scrolls of teleportation
 m - 4 scrolls of fear
 q - 2 scrolls of poison {unknown}
 t - a scroll of acquirement {unknown}
 u - 2 scrolls of butterflies {unknown}
 x - 7 scrolls of blinking {unknown}
 y - a scroll of enchant armour {unknown}
 A - a scroll of vulnerability {unknown}
 B - 4 scrolls of immolation {unknown}
 J - a scroll of amnesia {unknown}
Potions
 f - 2 potions of brilliance {unknown}
 j - 6 potions of curing
 K - a potion of might


   Skills:
 - Level 9.0 Fighting
 - Level 6.5(7.0) Axes
 - Level 3.2(5.3) Polearms
 - Level 3.2 Dodging
 - Level 2.0 Stealth
 * Level 13.0 Summonings


You had 7 spell levels left.
You knew the following spells:

 Your Spells              Type           Power      Damage    Failure   Level
a - Call Imp              Summ           44%        N/A       1%          2

Your spell library contained the following spells:

 Spells                   Type           Power      Damage    Failure   Level
 Magic Dart               Conj           0%         1d3       10%         1
 Sublimation of Blood     Necr           0%         N/A       14%         2
 Wereblood                Tmut           0%         N/A       14%         2
 Mephitic Cloud           Conj/Pois/Air  0%         N/A       26%         3
 Summon Hydra             Summ           22%        N/A       34%         7
 Cause Fear               Hex            0%         N/A       65%         4
 Dragon Form              Tmut           0%         N/A       100%        7
 Dragon's Call            Summ           22%        N/A       100%        9


Dungeon Overview and Level Annotations

Branches:
Dungeon (11/15)            Temple (1/1) D:7           Sewer (visited)
   Lair: D:8-11         Orc: D:9-12

Altars:
Ashenzari
Cheibriados
Dithmenos
Elyvilon
Fedhas
Gozag
Hepliaklqana
Kikubaaqudgha
Makhleb
Nemelex Xobeh
Okawaru
Qazlal
Ru
Sif Muna
Trog
Uskayaw
Vehumet
Wu Jian
Xom
Yredelemnul
Zin
The Shining One

Shops:
D:6 (   D:8 [

Annotations:
D:5 5 runed translucent doors, sircluck's ghost, weakling KoBr
D:6 exclusion: oklob plant, Menkaure
D:8 2 runed translucent doors, exclusion: orange crystal statue


Innate Abilities, Weirdness & Mutations

Your life essence is reduced to manifest your ancestor. (-10% HP)
You have a beak for a mouth.
You have claws for feet.
Your magical nature lets you fly swiftly and evasively.


Message History

The wraith hits you. The wraith drains your vigour!
You feel as though you will be slow longer.
The centaur warrior misses you. The centaur warrior kicks you.
You hit the centaur warrior but do no damage.
You punch the centaur warrior, but do no damage.
You barely miss the wraith. The centaur warrior closely misses you.
The centaur warrior kicks you.
Your shadow imp barely misses the wraith.
Sinnashi gestures at the wraith while chanting.
The puff of frost hits the wraith.
The wraith resists.
The wraith completely misses you. The centaur warrior hits you!
The centaur warrior barely misses you.
Your shadow imp hits the wraith.
The wraith hits your shadow imp.
Your shadow imp dies!
Your shadow imp disappears in a puff of smoke!
You completely miss the centaur warrior.
You claw the centaur warrior!
The centaur warrior is lightly wounded.
You hit the wraith but do no damage.
The centaur warrior barely misses you. x2
The centaur warrior completely misses you.
The centaur warrior misses you. The wraith misses you.
The centaur warrior hits you.
The centaur warrior kicks you but does no damage.
The wraith hits you! The wraith drains your vigour!
You feel as though you will be slow longer.
You hit the centaur warrior but do no damage.
Your kick misses the centaur warrior.
The centaur warrior is lightly wounded.
You hit the wraith but do no damage. The centaur warrior hits you.
* * * LOW HITPOINT WARNING * * *
The centaur warrior kicks you.
* * * LOW HITPOINT WARNING * * *
The centaur warrior hits you!
* * * LOW HITPOINT WARNING * * *
The centaur warrior misses you.
Sinnashi casts a spell at the wraith.
The puff of frost hits the wraith.
The wraith resists.
The wraith is destroyed!
The centaur warrior hits you!
You die...

#######
#.....#
+.....#
#.....#
#.....+
#..c..# #@#
#R# ##.#
#..# #.##
#####
##.####
#....
#####.....#
#....
#.........#
#....
+.###.....#
#....


You could see the friendly Sinnashi the battlemage and a centaur warrior.

Vanquished Creatures
  2 trolls
  A wraith (D:11)
  A wyvern (D:8)
  2 sky beasts (D:7)
  A black bear (D:6)
  2 ice beasts (D:6)
  A kobold brigand (D:8)
  A phantom (D:7)
  3 bullfrogs
  2 necrophages
  A scorpion (D:5)
  2 howler monkeys
  An orc priest (D:9)
  A hound (D:7)
  9 jellies
  An iguana (D:6)
  4 orc wizards
  A hell rat (Sewer)
  6 gnolls (D:6)
  4 river rats (Sewer)
  12 adders
  2 ufetubi (D:5)
  2 worms
  3 dart slugs
  14 orcs
  6 bats
  24 endoplasms
  2 giant cockroaches
  11 goblins
  4 hobgoblins
  11 jackals
  7 kobolds
  3 quokkas
  5 ball pythons
  4 frilled lizards
  16 rats
172 creatures vanquished.

Vanquished Creatures (collateral kills)
  A shadow (D:10)
  3 yaks (D:9)
  2 wraiths (D:11)
  A wyvern (D:8)
  A vampire mosquito (D:10)
  2 wargs (D:10)
  A water moccasin (D:6)
  4 orc warriors
  2 centaurs (D:9)
  A scorpion (D:5)
  2 howler monkeys (D:9)
  2 hounds
  An orc priest (D:10)
  5 orc wizards
  A gnoll (D:6)
  A white imp (D:8)
  9 orcs
  An endoplasm (D:4)
  A jackal (D:4)
  3 kobolds (D:8)
44 creatures vanquished.

Vanquished Creatures (others)
  4 battlemagi
  6 fungi (D:6)
  2 plants (D:3)
12 creatures vanquished.

Grand Total: 228 creatures vanquished

Notes
Turn   | Place    | Note
-------+----------+-------------------------------------------
     0 | D:1      | Aneyh the Tengu Monk began the quest for the Orb.
     0 | D:1      | Reached XP level 1. HP: 14/14 MP: 2/2
    32 | D:1      | Reached XP level 2. HP: 17/19 MP: 3/3
   475 | D:1      | Reached XP level 3. HP: 24/24 MP: 4/4
  1041 | D:2      | Reached XP level 4. HP: 26/30 MP: 2/5
  1153 | D:2      | Reached skill level 5 in Fighting
  1449 | D:3      | Found a glowing drain.
  1460 | Sewer    | Entered a sewer
  1470 | Sewer    | Reached skill level 1 in Summonings
  1593 | Sewer    | Gained mutation: Your magical nature lets you fly swiftly
                  | and evasively. [Tengu growth]
  1593 | Sewer    | Reached XP level 5. HP: 34/35 MP: 6/6
  1836 | D:3      | Reached skill level 2 in Summonings
  2201 | D:3      | Learned a level 2 spell: Call Imp
  2402 | D:3      | Found a faded altar of an unknown god.
  2466 | D:4      | Found a shimmering blue altar of Sif Muna.
  2644 | D:4      | Reached XP level 6. HP: 38/41 MP: 3/7
  2844 | D:4      | Identified the +1 cloak of the Turtledove {Fly rPois Int+3
                  | Dex-3}
  2989 | D:4      | Identified the +4 ring mail of Magic {rN+ Will+}
  3301 | D:5      | Entered Level 5 of the Dungeon
  3360 | D:5      | Found an ornate altar of the Wu Jian Council.
  3362 | D:5      | Found an opulent altar of Gozag.
  3476 | D:5      | Reached skill level 3 in Summonings
  3597 | D:5      | Found a large runed translucent door.
  3598 | D:5      | Found a large runed translucent door.
  3647 | D:5      | Reached skill level 4 in Summonings
  3647 | D:5      | Reached XP level 7. HP: 45/47 MP: 6/8
  4035 | D:5      | Found a runed translucent door.
  4040 | D:5      | Noticed sircluck's ghost (weakling KoBr)
  4080 | D:5      | Found a large runed translucent door.
  4081 | D:5      | Found a large runed translucent door.
  4382 | D:6      | Reached skill level 1 in Axes
  4418 | D:6      | Reached skill level 5 in Summonings
  4656 | D:6      | Reached XP level 8. HP: 52/53 MP: 7/9
  4711 | D:6      | Reached skill level 6 in Summonings
  4974 | D:6      | Noticed Menkaure
  5310 | D:6      | Found Tajus's Weapon Shop.
  5605 | D:6      | Noticed an oklob plant
  5619 | D:6      | Reached skill level 7 in Summonings
  5663 | D:6      | Reached skill level 5 in Axes
  5903 | D:7      | Reached XP level 9. HP: 35/59 MP: 4/10
  6054 | D:7      | Found a staircase to the Ecumenical Temple.
  6060 | Temple   | Entered the Ecumenical Temple
  6277 | Temple   | Became a worshipper of Hepliaklqana the Forgotten
  6277 | Temple   | Reached * piety under Hepliaklqana
  6277 | Temple   | Reached ** piety under Hepliaklqana
  6278 | Temple   | Remembered your ancestor Sinnashi as a battlemage
  6609 | D:8      | Found Ugetyoleyt's Antique Armour Shoppe.
  6924 | D:8      | Reached skill level 8 in Summonings
  6932 | D:8      | Found a runed translucent door.
  7129 | D:8      | Noticed an orange crystal statue
  7133 | D:8      | Found the +10 tower shield of Ignorance {rN+ Int-4}
  7145 | D:8      | Found a runed translucent door.
  7383 | D:9      | Noticed a troll
  7393 | D:9      | Killed a troll
  7394 | D:9      | Reached skill level 9 in Summonings
  7649 | D:9      | Reached skill level 10 in Summonings
  7657 | D:9      | Reached XP level 10. HP: 58/59 MP: 8/11
  7805 | D:9      | Reached skill level 11 in Summonings
  8012 | D:10     | Entered Level 10 of the Dungeon
  8104 | D:10     | Reached skill level 12 in Summonings
  8402 | D:10     | Reached *** piety under Hepliaklqana
  8407 | D:10     | Found a white marble altar of Elyvilon.
  8421 | D:10     | Identified the +2 robe "Sasacug" {rC+}
  8494 | D:10     | Noticed a boulder beetle
  8671 | D:10     | Noticed an orc knight
  8813 | D:10     | Noticed a kobold demonologist
  8815 | D:10     | Noticed a seven-headed hydra
  9005 | D:11     | Reached skill level 13 in Summonings
  9049 | D:11     | Noticed a centaur warrior
  9058 | D:11     | Mangled by a centaur warrior

Illustrated notes

Levels and vault maps discovered:
D:1:      erik_arrival_orb_chamber, layout_basic, amethyst_killhole
D:2:      layout_basic, grunt_decor_cap
D:3:      layout_basic, dilly_ecumenical_altar_fadedgnrine, portal_sewer_entry_d
D:4:      layout_loops_cross, overflow_temple_1_default
D:5:      layout_basic, mainiacjoe_overflow_catwalk_spiral,
          ebering_ghost_reflecting_pool, minmay_hollow_rounded_squares
D:6:      lemuel_slime, layout_basic, serial_shops, shop, uniq_menkaure
D:7:      layout_cave_pools, minmay_temple_entry_glassed_door
D:8:      layout_cave_pools, serial_shops, nicolae_shop_overgrown_old_shop,
          dreamdust_wishing_well, chequers_guarded_unrand_ignorance
D:9:      layout_cave_pools
D:10:     minmay_chopped_fan, layout_loops_ring,
          mainiacjoe_overflow_cross_hatched, erik_lair_orcish_takeover,
          orc_0_dummy, grunt_ministairs_7
D:11:     layout_roguey, ebering_ghost_disaster_area
Temple:   mainiacjoe_temple_bowtie_tessellation

Skill      XL: |  1  2  3  4  5  6  7  8  9 10 |
---------------+-------------------------------+-----
Fighting       | 4 5 6 7 8 9 |  9.0
Summonings     | 1 2 4 5 7 10 13 | 13.0
Axes           | 2 6 |  6.5
Polearms       | |  3.2
Dodging        | |  3.2
Stealth        | |  2.0

Action                     |  1- 3 |  4- 6 |  7- 9 | 10-12 || total
---------------------------+-------+-------+-------+-------++-------
  Melee: Dagger            |    80 |   173 |       |       ||   253
         Spear             |     4 |       |       |       ||     4
         Kick              |    21 |    38 |    46 |    11 ||   116
         Peck              |    10 |    27 |    27 |     4 ||    68
         Punch             |       |     1 |     2 |     1 ||     4
         Trident           |       |    22 |    28 |     9 ||    59
         Broad axe         |       |       |   135 |    29 ||   164
   Fire: Shortbow          |       |       |    24 |    16 ||    40
  Throw: Dart              |       |     3 |       |       ||     3
   Cast: Call Imp          |       |     9 |    28 |    15 ||    52
 Invoke: Recall Ancestor   |       |       |     1 |       ||     1
         Ancestor Life: Ba |       |       |     1 |       ||     1
    Use: Scroll            |       |     4 |       |       ||     4
         Potion            |       |     1 |    10 |       ||    11
   Stab: Sleeping          |     5 |     7 |     4 |     1 ||    17
         Distracted        |       |       |     3 |       ||     3
 Armour: Robe              |    13 |    31 |    28 |    14 ||    86
         Skin              |       |       |     6 |       ||     6
  Dodge: Dodged            |    56 |   174 |   138 |    42 ||   410

Table legend: (Time is in decaauts)
 A = Elapsed time spent in this place.
 B = Non-inter-level travel time spent in this place.
 C = Inter-level travel time spent in this place.
 D = Time resting spent in this place.
 E = Time spent auto-exploring this place.
 F = Levels seen in this place.
 G = Mean time per level.
                   A        B        C        D        E       F      G
               +--------+--------+--------+--------+--------+-----+--------+
         Total |   8704 |   8457 |    247 |   1464 |   5128 |  13 |  669.5 |
       Dungeon |   8208 |   7970 |    238 |   1343 |   4896 |  11 |  746.2 |
        Temple |    210 |    202 |      8 |      0 |    174 |   1 |  210.0 |
         Sewer |    285 |    285 |      0 |    121 |     57 |   1 |  285.0 |
               +--------+--------+--------+--------+--------+-----+--------+

Top non-repeatable levels by time:
     D:6: 1466 daAuts
     D:5: 963 daAuts
     D:9: 885 daAuts
     D:3: 830 daAuts
     D:4: 780 daAuts
     D:1: 712 daAuts
    D:10: 697 daAuts
     D:8: 629 daAuts
     D:2: 577 daAuts
     D:7: 529 daAuts
   Sewer: 285 daAuts
  Temple: 210 daAuts
    D:11: 134 daAuts
